 Dungeon Crawl Stone Soup version 0.24-a0-57-gac335f2 (webtiles) character file.

Game seed: 17722314493648938156

113152 Ereth the Basher (level 16, -7/161 HPs)
             Began as a Troll Fighter on Feb 3, 2019.
             Was the Champion of Yredelemnul.
             Killed from afar by a frost giant (59 damage)
             ... with a bolt of cold
             ... on level 1 of the Depths on Feb 4, 2019.
             The game lasted 02:18:57 (28800 turns).

Ereth the Basher (Troll Fighter)                   Turns: 28800, Time: 02:18:58

Health: -7/161     AC: 26    Str: 33    XL:     16   Next: 13%
Magic:  19/19      EV: 14    Int:  4    God:    Yredelemnul [******]
Gold:   1835       SH: 14    Dex: 13    Spells: 15/15 levels left

rFire    + + .     SeeInvis .   q - +4 flail (protect)
rCold    . . .     Gourm    +   v - +0 shield {rF+}
rNeg     . . .     Faith    .   V - +2 fire dragon scales
rPois    .         Spirit   .   z - +1 hat "Sareuqix" {Dex+4}
rElec    .         Reflect  .   n - +1 cloak
rCorr    +         Harm     .   (gloves unavailable)
MR       +....                  (boots unavailable)
Stlth    ..........             W - amulet of magic regeneration
HPRegen  0.76/turn              Q - ring of ice
MPRegen  0.41/turn              R - ring of resist corrosion

@: protection aura, lightly drained
A: large, unfitting armour, claws 3, fast metabolism 3, gourmand, regeneration
1, shaggy fur 1, tough skin 3
a: Recall Undead Slaves, Injury Mirror, Animate Dead, Drain Life, Enslave Soul,
Renounce Religion


You were on level 1 of the Depths.
You worshipped Yredelemnul.
Yredelemnul was exalted by your worship.
You were not hungry.

You visited 6 branches of the dungeon, and saw 26 of its levels.

You collected 3069 gold pieces.
You spent 1234 gold pieces at shops.

Inventory:

Hand Weapons
 a - a +2 flail
 g - a +0 whip of flaming
 i - a +0 flail
 q - a +4 flail of protection (weapon)
 G - a +1 whip of electrocution
 I - a +0 whip of freezing
Missiles
 F - 65 tomahawks (quivered)
 U - 6 javelins
Armour
 n - a +1 cloak (worn)
 v - a +0 shield of fire resistance (worn)
 z - the +1 hat "Sareuqix" (worn) {Dex+4}
   (You acquired it on level 2 of the Orcish Mines)

   It affects your dexterity (+4).
 D - +2 acid dragon scales
 V - +2 fire dragon scales (worn)
Jewellery
 l - a cursed ring of attention {unknown}
 Q - a ring of ice (left claw)
 R - a ring of resist corrosion (right claw)
 W - an amulet of magic regeneration (around neck)
Wands
 b - a wand of acid (8)
 j - a wand of iceblast (33)
 s - a wand of scattershot (5)
 A - a wand of disintegration (53)
 C - a wand of random effects (33)
 H - a wand of polymorph (6)
 J - a wand of enslavement (14)
 O - a wand of flame (17)
 T - a wand of digging (10)
Scrolls
 c - 6 scrolls of teleportation
 d - 2 scrolls of silence
 e - 3 scrolls of fear
 o - 6 scrolls of identify
 p - 7 scrolls of amnesia
 r - 2 scrolls of fog
 x - a scroll of vulnerability
 y - 5 scrolls of remove curse
 M - a scroll of magic mapping
 Y - a scroll of summoning
Potions
 h - 5 potions of resistance
 k - 4 potions of ambrosia
 m - 6 potions of flight
 t - 16 potions of curing
 E - 2 potions of agility
 L - a potion of haste
 P - a potion of berserk rage
 S - 2 potions of magic
 X - a potion of invisibility
 Z - 3 potions of heal wounds
Miscellaneous
 u - a phial of floods (inert)
 w - a phial of floods (inert)
 K - 2 sacks of spiders
Comestibles
 f - 27 rations


   Skills:
 + Level 10.7(10.6) Fighting
 + Level 14.6(14.5) Maces & Flails
 + Level 1.6 Throwing
 + Level 5.7 Armour
 + Level 10.6 Dodging
 + Level 2.3(2.2) Stealth
 + Level 14.4(14.3) Shields
 + Level 1.0(0.9) Unarmed Combat
 + Level 6.0(5.9) Invocations
 + Level 1.0(0.9) Evocations


You had 15 spell levels left.
You didn't know any spells.
Your spell library contained the following spells:

 Spells                   Type           Power        Failure   Level  Hunger
 Animate Skeleton         Necr           N/A          77%         1    ##.....
 Apportation              Tloc           #.....       77%         1    ##.....
 Beastly Appendage        Tmut           #.....       77%         1    ##.....
 Confusing Touch          Hex            #.....       77%         1    ##.....
 Corona                   Hex            #......      77%         1    ##.....
 Flame Tongue             Conj/Fire      #....        77%         1    ##.....
 Sandblast                Erth           #.....       77%         1    ##.....
 Shock                    Conj/Air       #...         77%         1    ##.....
 Summon Butterflies       Summ           #.......     77%         1    ##.....
 Summon Small Mammal      Summ           #...         77%         1    ##.....
 Ensorcelled Hibernation  Hex/Ice        #.....       88%         2    ###....
 Passwall                 Tmut/Erth      #.......     88%         2    ###....
 Poisonous Vapours        Pois/Air       #.....       88%         2    ###....
 Sticks to Snakes         Tmut           #.......     88%         2    ###....
 Swiftness                Chrm/Air       #.......     88%         2    ###....
 Throw Flame              Conj/Fire      #.....       88%         2    ###....
 Confuse                  Hex            #.......     98%         3    ####...
 Conjure Flame            Conj/Fire      #.......     98%         3    ####...
 Dazzling Spray           Conj/Hex       #.....       98%         3    ####...
 Ignite Poison            Fire/Tmut/Pois #.......     98%         3    ####...
 Inner Flame              Hex/Fire       #.......     98%         3    ####...
 Lesser Beckoning         Tloc           #.........   98%         3    ####...
 Spider Form              Tmut/Pois      #.........   98%         3    ####...
 Stone Arrow              Conj/Erth      #.....       98%         3    ####...
 Tukima's Dance           Hex            #.......     98%         3    ####...
 Ice Form                 Ice/Tmut       #.......     100%        4    #####..
 Leda's Liquefaction      Hex/Erth       #.........   100%        4    #####..
 Petrify                  Tmut/Erth      #.......     100%        4    #####..
 Sticky Flame             Conj/Fire      #.......     100%        4    #####..
 Summon Lightning Spire   Summ/Air       #.......     100%        4    #####..
 Alistair's Intoxication  Tmut/Pois      #.......     100%        5    ######.
 Blade Hands              Tmut           #.........   100%        5    ######.
 Bolt of Magma            Conj/Fire/Erth #.........   100%        5    ######.
 Fireball                 Conj/Fire      #.........   100%        5    ######.
 Lee's Rapid Deconstruct  Erth           #.........   100%        5    ######.
 Venom Bolt               Conj/Pois      #.........   100%        5    ######.
 Bolt of Fire             Conj/Fire      #.........   100%        6    #######
 Conjure Ball Lightning   Conj/Air       #.........   100%        6    #######
 Invisibility             Hex            #.......     100%        6    #######
 Iron Shot                Conj/Erth      #.........   100%        6    #######
 Statue Form              Tmut/Erth      #........    100%        6    #######
 Ring of Flames           Chrm/Fire      #.........   100%        7    #######
 Ignition                 Fire           #.........   100%        8    #######
 Shatter                  Erth           #.........   100%        9    #######


Dungeon Overview and Level Annotations

Branches:
Dungeon (15/15)            Temple (1/1) D:6            Lair (6/6) D:11
 Shoals (1/4) Lair:3        Snake (0/4) Lair:2        Slime (0/5) Lair:6
    Orc (2/2) D:11            Elf (0/3) Orc:2        Vaults (0/5) D:13
 Depths (1/5) D:15

Altars:
Ashenzari
Cheibriados
Dithmenos
Elyvilon
Fedhas
Gozag
Hepliaklqana
Kikubaaqudgha
Makhleb
Nemelex Xobeh
Okawaru
Qazlal
Ru
Sif Muna
Trog
Uskayaw
Vehumet
Wu Jian
Xom
Yredelemnul
Zin
The Shining One
Beogh

Shops:
D:5 *   D:14 (   Orc:1 (   Orc:2 !?*(   Depths:1 :

Portals:
Hell: Depths:1

Annotations:
D:8 1 transporter
D:12 exclusion: ice statue
Lair:2 2 transporters
Depths:1 exclusion: obsidian statue


Innate Abilities, Weirdness & Mutations

You are too large for most types of armour.
You have claws for hands.
Your metabolism is lightning-fast.
You like to eat raw meat.
Your natural rate of healing is unusually fast.
You are covered in fur. (AC +1)
You have extremely tough skin. (AC +3)


Message History

The bolt of cold misses you. You block the stone giant's attack.
The frost giant closely misses you.
You barely miss the frost giant. The stone giant hits you!!
The frost giant points at you and mumbles some strange words.
The bolt of cold hits you!!
You barely miss the frost giant. You block the stone giant's attack.
You hit the frost giant.
Your weapon exudes an aura of protection.
The frost giant is lightly wounded.
The frost giant hits you with a +1 battleaxe of freezing!
The frost giant freezes you. The stone giant misses you.
You barely miss the frost giant.
The frost giant is lightly wounded.
The frost giant hits you with a +1 battleaxe of freezing!!
The frost giant freezes you. You block the stone giant's attack.
The frost giant points at you and mumbles some strange words.
The bolt of cold hits you!!!
You die...
Your body rises from the dead as a mindless zombie.

#.# #....... ....
###.####....... ....[..
#......+.......
........####.#.####.......
.#######.'....#.# ########
.#≈≈≈≈##.####...#
#.#≈≈≈≈##.####'#######
#.#≈§§≈##............# ##
#.#≈§§§##.C@........(# #.
#.#######..(.#######.# #.
#..........### ...## #.
#.......C### ....$## #.
#........# ..8..$. #.
#.......## .....8.## ##
#.....(.# 8.......# #
#......## .§§8....####
#......# §§§...8.8#.(


You could see a frost giant and a stone giant.

Vanquished Creatures
  A frost giant (Depths:1)
  An orc warlord (Orc:1)
  A merfolk impaler (Shoals:1)
  Fannar (D:10)
  4 hydras
  A rakshasa (Depths:1)
  A hell beast (Depths:1)
  Erolcha (D:10)
  Erica (D:9)
  A death knight (D:12)
  4 centaur warriors
  12 two-headed ogres
  2 death yaks (Lair:6)
  3 tengu warriors
  Urug (Lair:1)
  Sonja (Lair:1)
  A storm dragon zombie (Depths:1)
  4 soul eaters
  2 skeletal warriors
  2 sea snakes
  A spark wasp zombie (Depths:1)
  12 harpies (Shoals:1)
  A tengu zombie (Depths:1)
  A deep elf mage (D:13)
  7 orc knights
  5 orc sorcerers
  A necromancer (D:15)
  Pikel (D:7)
  A stone giant zombie (Depths:1)
  A faun (Shoals:1)
  11 ugly things
  3 manticores
  A merfolk siren (Lair:3)
  3 black mambas
  An orange demon (Depths:1)
  A rust devil (Depths:1)
  2 gargoyles
  A water nymph (Shoals:1)
  4 spiny frogs
  2 torpor snails
  3 ice devils
  2 rime drakes
  A yaktaur (shapeshifter) (D:15)
  7 komodo dragons
  2 freezing wraiths
  8 trolls
  3 polar bears (Lair:6)
  A meliai (shapeshifter) (D:15)
  5 merfolk
  2 hornets (Lair:6)
  9 blink frogs
  A wind drake (Shoals:1)
  A meliai zombie (D:14)
  18 slime creatures
  9 dream sheep
  8 hippogriffs
  A snapping turtle (Shoals:1)
  9 spriggans (Lair:6)
  2 shadows
  A water elemental (Shoals:1)
  A spriggan skeleton (Depths:1)
  21 yaks
  4 wyverns
  A human (shapeshifter) (D:13)
  12 humans
  4 basilisks
  Grum (D:10)
  3 hungry ghosts
  3 vampire mosquitoes
  2 wargs
  A harpy simulacrum (D:15)
  Edmund (D:6)
  5 soldier ants
  2 acid dragons
  9 water moccasins
  3 porcupines
  3 black bears
  3 eyes of draining
  9 ice beasts
  27 orc warriors
  7 sky beasts
  4 slaves (D:6)
  7 ogres
  2 phantoms
  6 boggarts
  An ice beast (shapeshifter) (D:15)
  24 wolves
  A necrophage (D:7)
  12 centaurs
  9 crocodiles
  2 big kobolds
  17 bullfrogs
  A gnoll sergeant (D:11)
  2 scorpions
  9 killer bees
  3 wights (D:10)
  4 electric eels
  2 howler monkeys
  3 bullfrog zombies
  5 centaur zombies
  17 crimson imps
  4 iron imps (Depths:1)
  8 hounds
  9 orc priests
  3 jellies
  6 centaur skeletons
  Terence (D:3)
  Jessica (D:3)
  12 iguanas
  12 orc wizards
  15 worker ants
  A hound zombie (D:10)
  2 hound skeletons
  4 worker ant zombies
  10 gnolls
  15 adders
  8 shadow imps
  4 white imps (Depths:1)
  2 oozes
  3 worms
  3 leopard geckos
  60 orcs
  A ball python (D:1)
  5 giant cockroaches
  10 hobgoblins
  12 jackals
  3 quokkas
  6 bats
  2 frilled lizards
  3 goblins
  21 kobolds
  A quokka zombie (D:6)
  11 rats
  A spectral orc (D:9)
710 creatures vanquished.

Vanquished Creatures (collateral kills)
  An orc warlord (Orc:1)
  An ettin (D:15)
  A fire dragon (Depths:1)
  A great orb of eyes (Depths:1)
  An ogre mage (D:15)
  2 hydras
  A two-headed ogre (D:15)
  3 death yaks (Lair:6)
  An unseen horror (D:14)
  A wizard (Depths:1)
  A deep elf archer (D:15)
  6 orc knights
  5 harpies (Shoals:1)
  An orc sorcerer (D:11)
  An oklob plant (D:11)
  A wolf spider zombie (D:15)
  An ugly thing (D:14)
  A black mamba (Lair:6)
  A centaur skeleton (D:14)
  A centaur zombie (D:11)
  A gargoyle (D:15)
  3 spiny frogs (Lair:6)
  A rime drake (Lair:6)
  4 komodo dragons
  2 merfolk (Shoals:1)
  3 polar bears (Lair:6)
  4 trolls
  2 hornets
  5 slime creatures
  7 blink frogs (Lair:6)
  3 hippogriffs
  8 dream sheep
  2 spriggans (Lair:6)
  3 wraiths
  5 yaks
  5 humans (D:13)
  3 vampire mosquitoes
  2 basilisks
  A hungry ghost (D:14)
  A warg (Orc:2)
  4 water moccasins
  A porcupine (Lair:5)
  A necrophage (D:10)
  22 orc warriors
  2 ice beasts (Lair:1)
  3 boggarts
  2 wolves (Lair:6)
  3 ogres
  3 centaurs
  2 crocodiles
  4 bullfrogs
  3 killer bees
  A wight (D:10)
  2 electric eels (Lair:1)
  2 howler monkeys (D:13)
  2 crimson imps
  A jelly (Lair:6)
  4 orc priests
  A bullfrog skeleton (D:10)
  An iguana (Lair:3)
  4 orc wizards
  A worker ant (D:9)
  4 adders
  2 shadow imps
  An ooze (Lair:6)
  31 orcs
  2 quokkas (D:11)
  10 fungi
  14 plants
230 creatures vanquished.

Vanquished Creatures (others)
  3 ghouls
  A skeletal warrior (Orc:1)
  2 flayed ghosts
  A phantasmal warrior (Lair:6)
  A sea snake zombie (Shoals:1)
  2 hydra zombies (Lair:6)
  5 harpy zombies (Shoals:1)
  2 ghoul skeletons
  A blink frog (Lair:6)
  A fire dragon zombie (Depths:1)
  4 ugly thing zombies
  A hippogriff (Lair:1)
  3 flying skulls
  A vampire (Lair:6)
  3 wraiths
  A wind drake zombie (Shoals:1)
  2 two-headed ogre zombies
  A water nymph zombie (Shoals:1)
  A spiny frog zombie (Lair:6)
  2 blink frog zombies (Lair:6)
  3 dream sheep zombies (Lair:6)
  A manticore zombie (D:15)
  A hornet zombie (Lair:6)
  A dream sheep skeleton (Lair:6)
  A hippogriff zombie (Lair:6)
  A blink frog skeleton (Lair:6)
  2 vampire mosquito zombies
  A hippogriff skeleton (Lair:6)
  A polar bear zombie (Lair:6)
  2 warg zombies (Orc:2)
  A spriggan zombie (Lair:6)
  A troll zombie (D:11)
  5 water moccasin zombies
  5 yak zombies
  2 spriggan skeletons (Lair:6)
  4 yak skeletons
  2 wights
  5 wolf zombies
  5 wolf skeletons (Lair:6)
  A black bear zombie (Lair:6)
  A bullfrog zombie (D:10)
  2 bullfrog skeletons
  6 centaur zombies
  A kobold zombie (Lair:1)
  3 human skeletons (D:13)
  5 human zombies (D:13)
  A crocodile zombie (Lair:1)
  2 acid dragon zombies
  5 ogre zombies
  A sky beast zombie (D:10)
  A crocodile skeleton (Lair:1)
  2 gnoll zombies
  An adder zombie (D:10)
  An electric eel zombie (Lair:1)
  24 orc zombies
  A jackal zombie (D:10)
  10 orc skeletons
  17 fungi
  16 plants
183 creatures vanquished.

Grand Total: 1123 creatures vanquished

Notes
Turn   | Place    | Note
-------+----------+-------------------------------------------
     0 | D:1      | Ereth the Troll Fighter began the quest for the Orb.
     0 | D:1      | Reached XP level 1. HP: 22/22 MP: 0/0
   130 | D:1      | Reached XP level 2. HP: 29/29 MP: 1/1
   748 | D:2      | Reached XP level 3. HP: 32/36 MP: 2/2
  1006 | D:2      | Found a stormy altar of Qazlal.
  1260 | D:2      | Reached XP level 4. HP: 45/45 MP: 3/3
  1317 | D:2      | Noticed an ice beast
  1402 | D:2      | Killed an ice beast
  1402 | D:2      | Reached XP level 5. HP: 32/53 MP: 4/4
  1782 | D:3      | Found a shadowy altar of Dithmenos.
  1948 | D:3      | Noticed Terence
  1970 | D:3      | Killed Terence
  2022 | D:3      | Found a hide-covered altar of Uskayaw.
  2026 | D:3      | Found a bloodstained altar of Trog.
  2164 | D:3      | Noticed Jessica
  2170 | D:3      | Killed Jessica
  2314 | D:3      | Reached XP level 6. HP: 58/61 MP: 5/5
  3229 | D:5      | Entered Level 5 of the Dungeon
  3561 | D:5      | Reached XP level 7. HP: 53/68 MP: 6/6
  3740 | D:5      | Found Uwupy's General Store.
  3746 | D:5      | Bought a scroll of fear for 42 gold pieces
  3746 | D:5      | Bought a scroll of teleportation for 36 gold pieces
  3964 | D:6      | Noticed Edmund
  3971 | D:6      | Killed Edmund
  4024 | D:6      | Noticed a wyvern
  4037 | D:6      | Killed a wyvern
  4037 | D:6      | Reached skill level 5 in Maces & Flails
  4090 | D:6      | Reached XP level 8. HP: 54/78 MP: 7/7
  4220 | D:6      | Found a radiant altar of Vehumet.
  4290 | D:6      | Found a staircase to the Ecumenical Temple.
  4300 | Temple   | Entered the Ecumenical Temple
  4383 | D:6      | Reached skill level 5 in Shields
  4767 | D:6      | Reached skill level 5 in Dodging
  4845 | D:7      | Noticed Pikel
  5101 | D:7      | Killed Pikel
  5101 | D:7      | Reached skill level 5 in Fighting
  5101 | D:7      | Reached XP level 9. HP: 88/88 MP: 8/8
  5553 | D:8      | Noticed a two-headed ogre
  5561 | D:8      | Killed a two-headed ogre
  5619 | D:8      | Reached skill level 1 in Unarmed Combat
  5751 | D:8      | Noticed a two-headed ogre
  5765 | D:8      | Killed a two-headed ogre
  5765 | D:8      | Reached XP level 10. HP: 77/98 MP: 9/9
  5817 | D:8      | Found an ancient bone altar of Kikubaaqudgha.
  6011 | D:8      | Noticed a two-headed ogre
  6012 | D:8      | Noticed a manticore
  6023 | D:8      | Killed a two-headed ogre
  6023 | D:8      | Reached skill level 1 in Throwing
  6024 | D:8      | Found a white marble altar of Elyvilon.
  6024 | D:8      | Noticed a centaur warrior
  6024 | D:8      | Noticed a seven-headed hydra
  6037 | D:8      | Found a transporter.
  6069 | D:8      | Found a transporter.
  6352 | D:9      | Found a glowing silver altar of Zin.
  6368 | D:9      | Found a runed translucent gate.
  6368 | D:9      | Found a runed translucent gate.
  6373 | D:9      | Found a runed translucent gate.
  6376 | D:9      | Found a runed translucent door.
  6376 | D:9      | Found a runed translucent door.
  6376 | D:9      | Noticed Erica
  6537 | D:9      | Found the +9 staff of Olgreb {rPois}
  6709 | D:9      | Noticed a two-headed ogre
  6718 | D:9      | Killed a two-headed ogre
  6729 | D:9      | Noticed a skeletal warrior
  6745 | D:9      | Upgraded the game from 0.24-a0-48-g0ecae65 to
                  | 0.24-a0-57-gac335f2
  6766 | D:9      | Noticed an orc sorcerer
  6822 | D:9      | Noticed an orc sorcerer
  6834 | D:9      | Noticed a rust devil
  6835 | D:9      | Paralysed by an orc sorcerer for 5 turns
  6838 | D:9      | Noticed an orange demon
  6841 | D:9      | Killed an orc sorcerer
  6845 | D:9      | Identified the +4 chain mail "Fusemutwol" {Stlth+}
  6845 | D:9      | Noticed a tengu warrior
  6845 | D:9      | Noticed a centaur warrior
  6851 | D:9      | Noticed a rust devil
  7036 | D:9      | Killed a tengu warrior
  7036 | D:9      | Reached skill level 1 in Stealth
  7045 | D:9      | Killed a centaur warrior
  7045 | D:9      | Reached skill level 10 in Maces & Flails
  7045 | D:9      | Reached XP level 11. HP: 66/107 MP: 10/10
  7269 | D:9      | Killed a skeletal warrior
  7377 | D:9      | Identified the Reference Book on Flying Toxins
  7424 | D:9      | Noticed an orc sorcerer
  7428 | D:9      | Paralysed by an orc sorcerer for 4 turns
  7434 | D:9      | Paralysed by an orc sorcerer for 6 turns
  7438 | D:9      | Noticed a sun demon
  7642 | D:9      | Killed an orc sorcerer
  7791 | D:9      | Paralysed by an orc sorcerer for 5 turns
  7800 | D:9      | Noticed a sixfirhy
  7802 | D:9      | Killed an orc sorcerer
  8070 | D:9      | Found a basalt altar of Yredelemnul.
  8077 | D:9      | Became a worshipper of Yredelemnul the Dark
  8113 | D:10     | Entered Level 10 of the Dungeon
  8189 | D:10     | Noticed Erolcha
  8197 | D:10     | Noticed a two-headed ogre
  8212 | D:10     | Killed a two-headed ogre
  8236 | D:10     | Killed Erolcha
  8236 | D:10     | Reached skill level 1 in Armour
  8298 | D:10     | Reached skill level 10 in Shields
  8364 | D:10     | Noticed Grum
  8386 | D:10     | Reached * piety under Yredelemnul
  8424 | D:10     | Killed Grum
  8482 | D:10     | Your ally Grum died
  8773 | D:10     | Noticed Fannar
  8825 | D:10     | Killed Fannar
  8830 | D:10     | Reached XP level 12. HP: 109/118 MP: 8/11
  9183 | D:11     | Found a staircase to the Lair.
  9230 | D:11     | Found a white marble altar of Elyvilon.
  9389 | D:11     | Reached skill level 1 in Invocations
  9450 | D:10     | Reached ** piety under Yredelemnul
  9867 | D:11     | Noticed a seven-headed hydra
  9889 | D:11     | Killed a seven-headed hydra
 10095 | D:11     | Found a staircase to the Orcish Mines.
 10101 | D:11     | Paralysed by a hornet for 3 turns
 10425 | D:12     | Noticed a two-headed ogre
 10457 | D:12     | Killed a two-headed ogre
 10457 | D:12     | Reached *** piety under Yredelemnul
 10583 | D:12     | Noticed a two-headed ogre
 10601 | D:12     | Killed a two-headed ogre
 10781 | D:12     | Found a gate leading to a gauntlet.
 11018 | D:13     | Found the +8 storm bow {elec}
 11020 | D:13     | Noticed a death knight
 11282 | D:12     | Killed a death knight
 11445 | D:13     | Noticed a four-headed hydra
 11533 | D:12     | Killed a four-headed hydra
 11627 | D:13     | Received a gift from Yredelemnul (a wight)
 11689 | D:13     | Noticed a centaur warrior
 11700 | D:13     | Noticed a two-headed ogre
 11717 | D:13     | Killed a two-headed ogre
 11717 | D:13     | Reached XP level 13. HP: 111/127 MP: 13/13
 11924 | D:13     | Found a gate to the Vaults.
 11970 | D:13     | Received a gift from Yredelemnul (a mummy)
 12288 | D:13     | Reached **** piety under Yredelemnul
 12603 | D:14     | Received a gift from Yredelemnul (a wight)
 12909 | D:14     | Received a gift from Yredelemnul (a wraith)
 13027 | D:14     | Found a blossoming altar of Fedhas.
 13153 | D:14     | Found Geleudatt's Antique Weapon Boutique.
 13778 | D:15     | Entered Level 15 of the Dungeon
 14077 | D:15     | Received a gift from Yredelemnul (a wraith)
 14356 | D:15     | Received a gift from Yredelemnul (a wraith)
 14612 | D:15     | Reached ***** piety under Yredelemnul
 14624 | D:15     | Received a gift from Yredelemnul (a wraith)
 14624 | D:15     | Found a staircase to the Depths.
 14624 | D:15     | Noticed an ettin
 14647 | D:15     | Reached XP level 14. HP: 72/137 MP: 15/15
 15742 | D:9      | Received a gift from Yredelemnul (a wight)
 15788 | D:9      | Killed Erica
 15908 | Lair:1   | Entered Level 1 of the Lair of Beasts
 15908 | Lair:1   | Noticed Sonja
 15939 | Lair:1   | Noticed Urug
 15959 | Lair:1   | Killed Urug
 16099 | Lair:1   | Killed Sonja
 16299 | Lair:1   | Found a frozen archway.
 16430 | Lair:1   | Your ally Sonja died
 16522 | Lair:1   | Received a gift from Yredelemnul (a skeletal warrior)
 16887 | Lair:2   | Found a staircase to the Snake Pit.
 16965 | Lair:2   | Found a transporter.
 17044 | Lair:2   | Found a transporter.
 18250 | Lair:3   | Found a staircase to the Shoals.
 18331 | Lair:3   | Received a gift from Yredelemnul (3 flying skulls)
 19812 | Lair:5   | Received a gift from Yredelemnul (a flayed ghost)
 20385 | Lair:6   | Entered Level 6 of the Lair of Beasts
 20753 | Lair:6   | Received a gift from Yredelemnul (a phantasmal warrior)
 20992 | Lair:6   | Reached skill level 5 in Armour
 21042 | Lair:6   | Found a staircase to the Slime Pits.
 21309 | Lair:6   | Received a gift from Yredelemnul (a vampire)
 21427 | Lair:6   | Reached XP level 15. HP: 122/149 MP: 17/17
 21679 | Lair:6   | Received a gift from Yredelemnul (a flayed ghost)
 21895 | Lair:6   | Reached skill level 5 in Invocations
 22294 | D:11     | Reached ****** piety under Yredelemnul
 22311 | Orc:1    | Entered Level 1 of the Orcish Mines
 22325 | Orc:1    | Reached skill level 10 in Dodging
 22371 | Orc:1    | Found Fulah's Weapon Shop.
 22395 | Orc:1    | Received a gift from Yredelemnul (a skeletal warrior)
 22412 | Orc:1    | Found a roughly hewn altar of Beogh.
 22794 | Orc:1    | Noticed an orc warlord
 22798 | Orc:1    | Noticed an orc warlord
 22831 | Orc:1    | Killed an orc warlord
 23401 | Orc:1    | Received a gift from Yredelemnul (a ghoul)
 23490 | Orc:1    | Killed an orc warlord
 23578 | Orc:1    | Got a twitching ivory ring
 23787 | Orc:2    | Entered Level 2 of the Orcish Mines
 23849 | Orc:2    | Found a bloodstained altar of Trog.
 24084 | Orc:2    | Received a gift from Yredelemnul (a ghoul)
 24173 | Orc:2    | Found a staircase to the Elven Halls.
 24308 | Orc:2    | Reached skill level 10 in Fighting
 24331 | Orc:2    | Found a roughly hewn altar of Beogh.
 24341 | Orc:2    | Found Nafun's General Store.
 24443 | Orc:2    | Found Cionikim's Weapon Emporium.
 24670 | Orc:2    | Found Kiufin's Magic Scroll Emporium.
 24671 | Orc:2    | Found Efadd's Distillery.
 24746 | Orc:2    | Received a gift from Yredelemnul (a skeletal warrior)
 24805 | Orc:2    | Bought a scroll of acquirement for 728 gold pieces
 24805 | Orc:2    | Bought a scroll of identify for 28 gold pieces
 24805 | Orc:2    | Bought a scroll of enchant armour for 105 gold pieces
 24805 | Orc:2    | Bought a scroll of identify for 28 gold pieces
 24805 | Orc:2    | Bought a scroll of teleportation for 42 gold pieces
 24806 | Orc:2    | Got a jewelled hat
 24812 | Orc:2    | Identified the +1 hat "Sareuqix" {Dex+4} (You acquired it
                  | on level 2 of the Orcish Mines)
 24822 | Orc:2    | Bought a potion of berserk rage for 75 gold pieces
 24822 | Orc:2    | Bought a potion of heal wounds for 75 gold pieces
 24822 | Orc:2    | Bought a potion of heal wounds for 75 gold pieces
 25072 | Shoals:1 | Entered Level 1 of the Shoals
 26315 | Depths:1 | Entered Level 1 of the Depths
 26328 | D:15     | Received a gift from Yredelemnul (a flayed ghost)
 27091 | Depths:1 | Found Tauwn's One-of-a-Kind Books.
 27221 | Depths:1 | Noticed a frost giant
 27332 | Depths:1 | Killed a frost giant
 27332 | Depths:1 | Reached skill level 1 in Evocations
 27444 | Depths:1 | Identified the ring "Keosias" {Wiz rN+} (You found it on
                  | level 1 of the Orcish Mines)
 27483 | Depths:1 | Reached XP level 16. HP: 134/159 MP: 19/19
 28069 | Depths:1 | Received a gift from Yredelemnul (a ghoul)
 28076 | Depths:1 | Found a gateway to Hell.
 28800 | Depths:1 | Killed from afar by a frost giant

Vault maps used:
D:1:      lightli_arrival_quake
D:2:      lemuel_crystal_altar
D:3:      nicolae_overflow_hidden_temple,
          nicolae_dithmenos_through_a_glass_darkly, first_ration, uniq_jessica,
          uniq_terence
D:4:      minmay_tree_intersection, hangedman_abyss_or_decor_jellyfish_corner,
          minmay_manual_monolith
D:5:      serial_shops, shop
D:6:      vehumet_crystals, temple_fountains, uniq_menkaure, uniq_edmund
D:7:      uniq_pikel
D:8:      kiku_gazebo_pond_becter, gammafunk_temple_overflow_arena,
          grunt_pizzeria, minmay_fountain_box
D:9:      minmay_the_grid_net, lemuel_round_altar,
          yredelemnul_forgotten_temple_becter,
          minmay_guarded_unrand_staff_of_olgreb, uniq_erica
D:10:     uniq_erolcha, uniq_fannar, uniq_grum
D:11:     minmay_distorted_concentric_squares, dpeg_oklobed_lair, basic_altar,
          minmay_puff
D:12:     gauntlet_entry_generic, minmay_more_statues
D:13:     david_vaults_3
D:14:     serial_shops, shop, fedhas_altar_fruit_tree
D:15:     hangedman_depths_entry_civil_slaughter, patterned_corridor
Temple:   nicolae_temple_god_jail
Lair:1:   portal_ice_cave_entry_ice_beasts, serial_bayou_ford_a,
          nicolae_quartered_pool_medium, uniq_urug, uniq_sonja
Lair:2:   gammafunk_cloud_chamber, dummy_snake_entry, grunt_megastairs_3
Lair:3:   beast_lair_carwin_large_3, elwin_shoals_entry_stream,
          serial_bayou_shore_a
Lair:4:   serial_bayou_shore_b
Lair:5:   chequers_serial_rivers_micro_a, serial_bayou_shore_b
Lair:6:   minmay_lair_end_enchanted_forest, nicolae_slime_entry_slimehenge
Orc:1:    basic_altar, serial_shops, shop_coins, minmay_orc_treasury
Orc:2:    st_orc_town, trog_book
Depths:1: corexii_leaking_fountain, serial_corexii_hall,
          corexii_hall_statues_deadend, chequers_hall_statues_corner_a,
          corexii_hall_statues_l, corexii_hall_statues_x,
          grunt_hell_entry_demonic_statue, nicolae_rare_books,
          hangedman_decor_growths, minivault_22, kennysheep_generic_room_2

Skill      XL: |  1  2  3  4  5  6  7  8  9 10 11 12 13 14 15 16 |
---------------+-------------------------------------------------+-----
Maces & Flails | 2 3 4 5 7 8 10 11 12 13 14 | 14.6
Fighting       | 3 4 5 6 7 8 9 10 | 10.7
Dodging        | 3 4 5 6 7 8 9 10 | 10.6
Shields        | 3 4 6 7 9 10 11 12 13 14 | 14.4
Unarmed Combat | 1 |  1.0
Throwing       | 1 |  1.6
Stealth        | 1 2 |  2.3
Armour         | 1 3 4 5 |  5.7
Invocations    | 2 3 4 5 6 |  6.0
Evocations     | 1 |  1.0

Action                   |  1- 3 |  4- 6 |  7- 9 | 10-12 | 13-15 | 16-18 || total
-------------------------+-------+-------+-------+-------+-------+-------++-------
Melee: Flail             |   133 |   229 |   373 |  1062 |  2282 |   232 ||  4311
       Unarmed           |       |       |     6 |       |       |       ||     6
       Whip              |       |       |       |     8 |       |       ||     8
Throw: Tomahawk          |       |     2 |     4 |     8 |     4 |       ||    18
Invok: Animate Remains   |       |       |       |    22 |       |       ||    22
       Animate Dead      |       |       |       |     6 |   107 |     1 ||   114
       Drain Life        |       |       |       |       |       |     1 ||     1
       Enslave Soul      |       |       |       |       |       |     1 ||     1
Evoke: Wand              |       |       |       |    18 |    13 |       ||    31
       Phial of floods   |       |       |       |       |     1 |       ||     1
  Use: Scroll            |     7 |     9 |     5 |    12 |    15 |     4 ||    52
       Potion            |       |       |     2 |     5 |     5 |     2 ||    14
 Stab: Sleeping          |     1 |       |       |       |       |       ||     1
       Distracted        |       |       |       |     1 |    15 |       ||    16
  Eat: Chunk             |    18 |    22 |    21 |    57 |   155 |       ||   273
       Ration            |       |       |       |     1 |     7 |     4 ||    12
Armor: Robe              |    90 |   106 |   138 |   121 |       |       ||   455
       Skin              |       |       |     1 |       |       |       ||     1
       Troll leather arm |       |       |       |   207 |       |       ||   207
       Acid dragon scale |       |       |       |    39 |   731 |       ||   770
       Fire dragon scale |       |       |       |       |       |    81 ||    81
Dodge: Dodged            |    72 |    78 |   135 |   396 |   956 |    92 ||  1729
Block: Shield            |    86 |   119 |   179 |   603 |  1501 |   130 ||  2618

Table legend:
 A = Non-vault XP
 B = Vault XP
 C = Vault XP percentage of total XP
 D = Non-vault monster count
 E = Vault monster count
 F = Vault count percentage of total count
                 A         B        C        D         E       F
            +---------+---------+-------+---------+---------+-------
      Total |  104478 |   57168 |  35.4 |     621 |     293 |  32.1
            +---------+---------+-------+---------+---------+-------
        D:1 |      30 |       0 |   0.0 |      18 |       0 |   0.0
        D:2 |     216 |       0 |   0.0 |      22 |       0 |   0.0
        D:3 |      88 |      75 |  46.0 |      17 |       2 |  10.5
        D:4 |     155 |      94 |  37.8 |      15 |       3 |  16.7
        D:5 |     187 |       0 |   0.0 |       8 |       0 |   0.0
        D:6 |    1668 |     166 |   9.1 |      26 |       1 |   3.7
        D:7 |     306 |     559 |  64.6 |      12 |       1 |   7.7
        D:8 |    3422 |    1119 |  24.6 |      20 |       2 |   9.1
        D:9 |    1561 |    8661 |  84.7 |      28 |      43 |  60.6
       D:10 |    5162 |    2692 |  34.3 |      48 |       7 |  12.7
       D:11 |    4937 |    3423 |  40.9 |      35 |      17 |  32.7
       D:12 |    7104 |       0 |   0.0 |      23 |       0 |   0.0
       D:13 |    6629 |    5214 |  44.0 |      30 |      20 |  40.0
       D:14 |    7483 |       0 |   0.0 |      38 |       0 |   0.0
       D:15 |    8949 |    6194 |  40.9 |      40 |      14 |  25.9
     Lair:1 |    3116 |    2293 |  42.4 |      23 |      10 |  30.3
     Lair:2 |    1982 |    1189 |  37.5 |       8 |       5 |  38.5
     Lair:3 |    3286 |    3019 |  47.9 |      16 |      17 |  51.5
     Lair:4 |     728 |       0 |   0.0 |       5 |       0 |   0.0
     Lair:5 |    2677 |       0 |   0.0 |      16 |       0 |   0.0
     Lair:6 |   14904 |    7008 |  32.0 |      58 |      48 |  45.3
   Shoals:1 |   14628 |       0 |   0.0 |      34 |       0 |   0.0
      Orc:1 |    3604 |    3700 |  50.7 |      36 |      25 |  41.0
      Orc:2 |    1735 |    5413 |  75.7 |      19 |      55 |  74.3
   Depths:1 |    9921 |    6349 |  39.0 |      26 |      23 |  46.9
            +---------+---------+-------+---------+---------+-------
